AoeStats
← [NOE] Jupiter

Arena

510799867Analyzed
2v2 RM · 15h ago on Oct 2, 2026· 29m 47s· 4 players
Game mode
Random Map
Map size
Medium (4 player)
Population
200
Speed
Normal
Resources
Standard
Victory
Conquest
Starting age
Dark Age
Ending age
Imperial Age
RankedLock teamsTeams togetherTeam positionsShared explorationLock speedFull tech treeHidden civsTurbo modeCheats
Victory
Defeat
🇫🇷 Celts · France
1462
+14
🇫🇷 Danes · France
1443
+16
1421
-15
🇧🇪 Lithuanians · Belgium
1420
-15
Soulrajh
10:44 Feudal Age
12:46 Double-Bit Axe
15:42 Castle Age
18:54 Man-at-Arms
20:26 Long Swordsman
Merciless Gladiator Stal
8:42 Loom
10:28 Feudal Age
17:54 Castle Age
18:08 Double-Bit Axe
18:03 Horse Collar
18:15 Gold Mining
19:50 Bow Saw
19:41 Heavy Plow
19:36 Fletching
20:39 Wheelbarrow
20:06 Padded Archer Armor
19:43 Crossbowman
20:21 Bodkin Arrow
26:14 Leather Archer Armor
31:33 Imperial Age
[NOE] Lyrendir
9:42 Feudal Age
13:55 Castle Age
12:08 Double-Bit Axe
15:12 Wheelbarrow
15:16 Bow Saw
17:34 Fervor
20:37 Hand Cart
23:11 Sanctity
27:42 Gold Mining
[NOE] Jupiter
9:45 Feudal Age
13:48 Castle Age
11:48 Double-Bit Axe
12:08 Horse Collar
13:10 Scale Mail Armor
14:58 Forging
15:22 Bow Saw
17:35 Squires
18:24 Forging
18:10 Loom
18:31 Arson
19:43 Gold Mining
19:51 Gambesons
21:58 Wheelbarrow
22:58 Chain Mail Armor
22:49 Town Watch
25:25 Hand Cart
27:19 Iron Casting
29:24 Heavy Plow
30:33 Gold Shaft Mining
Connection lost

Rejoining the realm…

Still unreachable

The connection could not be restored.

Session expired

The server has moved on; the page needs a fresh start.